 Dungeon Crawl Stone Soup version 0.29.1-15-g9cfb28693d (webtiles) character file.

Game seed: 6629668334475111826

2910485 nightchill the Conqueror (level 27, 245/245 HPs)
             Began as a Minotaur Fighter on Mar 8, 2023.
             Was the Champion of Jiyva.
             Escaped with the Orb
             ... and 5 runes on Mar 10, 2023!
             The game lasted 04:42:43 (79190 turns).

nightchill the Conqueror (Minotaur Fighter)        Turns: 79190, Time: 04:42:44

Health: 245/245    AC: 28    Str: 38 (39) XL:     27
Magic:  7/7        EV: 17    Int:  6      God:    Jiyva [******]
Gold:   4704       SH: 31    Dex: 16      Spells: 23/26 levels left

rFire   + + .      SeeInvis +   w - +7 broad axe (antimagic)
rCold   + + .      Faith    .   T - +8 tower shield
rNeg    + + .      Spirit   .   O - +0 gold dragon scales
rPois   +          Reflect  .   U - +0 mask of the Dragon {Will+ Slay+3 SInv}
rElec   +          Harm     .   f - scarf {rC+ rF+}
rCorr   +          Rampage  .   M - +2 pair of gloves "Oczuot" {rElec rC- rN++ Regen+}
Will    ++++.      Rage     3%  D - +1 pair of boots
Stlth   ..........              S - amulet of regeneration
HPRegen 3.70/turn               H - ring of Qazlal's Benevolence {Will+ Str+9 SInv Stlth+}
MPRegen 0.60/turn               c - ring "Kikhlar" {Fly rC+}

@: flying, studying 2 skills
A: horns 2, retaliatory headbutt, agile 1, berserk 1, frail 1, pseudopods 1,
translucent skin 2
0: Orb of Zot
}: 5/15 runes: barnacled, slimy, silver, abyssal, gossamer
a: Renounce Religion, Oozemancy, Slimify


You escaped.
You worshipped Jiyva.
Jiyva was exalted by your worship.
You visited 12 branches of the dungeon, and saw 56 of its levels.
You visited the Abyss 6 times.
You visited 1 ziggurat, and saw 4 of its levels.
You also visited: Trove and Gauntlet.

You collected 22904 gold pieces.
You spent 10889 gold pieces at shops.
You paid 7311 gold pieces to Gozag.

Inventory:

Hand Weapons
 a - the +18 lance "Wyrmbane" {slay drac, rPois rF+ rC+ AC+3}
   (You bought it in a shop on level 1 of the Lair of Beasts)

   It inflicts extra damage against dragons and draconians.
   AC:        It affects your AC (+3).
   rF:        It protects you from fire.
   rC:        It protects you from cold.
   rPois:     It protects you from poison.
 b - the +8 mithril axe "Arga" {speed, Will+}
   (You acquired it on level 5 of the Lair of Beasts)

   Attacks with this weapon are significantly faster.
   Will:      It increases your willpower.
 w - a +7 antimagic broad axe (weapon)
Missiles
 E - 5 throwing nets
Armour
 f - a scarf of resistance (worn)
 D - a +1 pair of boots (worn)
 M - the +2 pair of gloves "Oczuot" (worn) {rElec rC- rN++ Regen+}
   (You bought it in a shop on level 2 of the Orcish Mines)

   rC:        It makes you vulnerable to cold.
   rElec:     It insulates you from electricity.
   rN:        It greatly protects you from negative energy.
   Regen:     It increases your rate of health regeneration.
 O - +0 gold dragon scales (worn)
 T - a +8 tower shield (worn)
 U - the +0 mask of the Dragon (worn) {Will+ Slay+3 SInv}
   (You bought it in a shop on level 2 of the Vaults)

   Slay:      It affects your accuracy & damage with ranged weapons and melee
   (+3).
   SInv:      It lets you see invisible.
   Will:      It increases your willpower.
Jewellery
 c - the ring "Kikhlar" (right hand) {Fly rC+}
   (You bought it in a shop on level 5 of the Lair of Beasts)

   [ring of protection from cold]

   rC:        It protects you from cold.
   Fly:       It grants you flight.
 H - the ring of Qazlal's Benevolence (left hand) {Will+ Str+9 SInv Stlth+}
   (You found it on level 3 of the Crypt)

   [ring of see invisible]

   Str:       It affects your strength (+9).
   SInv:      It lets you see invisible.
   Will:      It increases your willpower.
   Stlth:     It makes you more stealthy.
 S - an amulet of regeneration (around neck)
Wands
 i - a wand of digging (3)
 n - a wand of mindburst (4)
 t - a wand of polymorph (6)
 J - a wand of paralysis (32) (quivered)
 P - a wand of light (15)
 R - a wand of roots (27)
Scrolls
 e - 7 scrolls of immolation
 g - 10 scrolls of poison
 j - 16 scrolls of noise
 p - 16 scrolls of teleportation
 s - 2 scrolls of torment
 v - a scroll of blinking
 z - 9 scrolls of fear
 C - 6 scrolls of summoning
 G - 9 scrolls of fog
 K - 11 scrolls of vulnerability
 Q - 3 scrolls of silence
 Y - 6 scrolls of magic mapping
Potions
 k - 5 potions of resistance
 o - 9 potions of heal wounds
 u - 4 potions of magic
 x - 7 potions of attraction
 A - 3 potions of berserk rage
 B - 13 potions of brilliance
 F - a potion of cancellation
 I - 11 potions of lignification
 V - 4 potions of might
 W - 19 potions of curing
Miscellaneous
 d - a condenser vane
 h - a phantom mirror
 y - a phial of floods
 Z - a tin of tremorstones (2/2)


   Skills:
 O Level 27 Fighting
 - Level 16.0(16.3) Axes
 - Level 6.0(12.0) Polearms
 + Level 26.9 Armour
 - Level 20.0 Dodging
 - Level 22.0 Shields
 - Level 10.0 Translocations
 - Level 12.0 Transmutations
 + Level 20.8 Evocations


You had 23 spell levels left.
You knew the following spells:

 Your Spells              Type           Power      Damage    Failure   Level
a - Apportation           Tloc           24%        N/A       5%          1
b - Wereblood             Tmut           14%        N/A       3%          2

Your spell library contained the following spells:

 Spells                   Type           Power      Damage    Failure   Level
 Beastly Appendage        Tmut           28%        N/A       2%          1
 Blink                    Tloc           24%        N/A       8%          2
 Gell's Gravitas          Tloc           12%        N/A       16%         3
 Lesser Beckoning         Tloc           12%        N/A       16%         3
 Teleport Other           Tloc           12%        N/A       16%         3
 Sting                    Tmut/Pois      28%        1d4       28%         1
 Passwall                 Tmut/Erth      5%         N/A       38%         2
 Passage of Golubria      Tloc           12%        N/A       45%         4
 Blade Hands              Tmut           7%         N/A       54%         5
 Spider Form              Tmut/Pois      7%         N/A       63%         3
 Portal Projectile        Hex/Tloc       12%        N/A       77%         3
 Manifold Assault         Tloc           12%        N/A       82%         5
 Ignite Poison            Fire/Tmut/Pois 4%         N/A       88%         3
 Petrify                  Tmut/Erth      7%         N/A       95%         4
 Foxfire                  Conj/Fire      0%         2x1d4     97%         1
 Freeze                   Ice            0%         1d3       97%         1
 Magic Dart               Conj           0%         1d3       97%         1
 Necrotise                Necr           0%         1d4       97%         1
 Sandblast                Erth           0%         2d4       97%         1
 Shock                    Conj/Air       0%         1d3       97%         1
 Slow                     Hex            0%         N/A       97%         1
 Summon Small Mammal      Summ           0%         N/A       97%         1
 Call Imp                 Summ           0%         N/A       99%         2
 Ensorcelled Hibernation  Hex/Ice        0%         N/A       99%         2
 Poisonous Vapours        Pois/Air       0%         N/A       99%         2
 Searing Ray              Conj           0%         2d4       99%         2
 Static Discharge         Conj/Air       0%         3-3/arc   99%         2
 Sublimation of Blood     Necr           0%         N/A       99%         2
 Iskenderun's Mystic Bla  Conj/Tloc      6%         2d4       99%         4
 Call Canine Familiar     Summ           0%         N/A       100%        3
 Confusing Touch          Hex            0%         N/A       100%        3
 Conjure Flame            Conj/Fire      0%         6-21      100%        3
 Dazzling Flash           Conj/Hex       0%         N/A       100%        3
 Frozen Ramparts          Ice            0%         1d1       100%        3
 Inner Flame              Hex/Fire       0%         N/A       100%        3
 Mephitic Cloud           Conj/Pois/Air  0%         N/A       100%        3
 Ozocubu's Armour         Ice            0%         N/A       100%        3
 Stone Arrow              Conj/Erth      0%         3d7       100%        3
 Summon Guardian Golem    Hex/Summ       0%         N/A       100%        3
 Swiftness                Air            0%         N/A       100%        3
 Tukima's Dance           Hex            0%         N/A       100%        3
 Vampiric Draining        Necr           0%         2d6       100%        3
 Airstrike                Air            0%         2d(0-16)  100%        4
 Anguish                  Hex/Necr       0%         N/A       100%        4
 Animate Armour           Summ/Erth      0%         N/A       100%        4
 Animate Dead             Necr           0%         N/A       100%        4
 Dispel Undead            Necr           0%         3d6       100%        4
 Flame Wave               Conj/Fire      0%         2d4       100%        4
 Fulminant Prism          Conj/Hex       0%         3d6       100%        4
 Hailstorm                Conj/Ice       0%         3d3       100%        4
 Olgreb's Toxic Radiance  Pois           0%         N/A       100%        4
 Sticky Flame             Conj/Fire      0%         2d3       100%        4
 Summon Lightning Spire   Summ/Air       0%         N/A       100%        4
 Agony                    Necr           0%         N/A       100%        5
 Alistair's Intoxication  Tmut/Pois      4%         N/A       100%        5
 Borgnjor's Vile Clutch   Necr/Erth      0%         N/A       100%        5
 Fireball                 Conj/Fire      0%         3d3       100%        5
 Freezing Cloud           Conj/Ice/Air   0%         6-21      100%        5
 Irradiate                Conj/Tmut      3%         3d12      100%        5
 Iskenderun's Battlesphe  Conj           0%         2d6       100%        5
 Lee's Rapid Deconstruct  Erth           0%         3d5*      100%        5
 Lightning Bolt           Conj/Air       0%         1d11      100%        5
 Metabolic Englaciation   Hex/Ice        0%         N/A       100%        5
 Silence                  Hex/Air        0%         N/A       100%        5
 Summon Forest            Summ/Tloc      3%         N/A       100%        5
 Summon Mana Viper        Hex/Summ       0%         N/A       100%        5
 Yara's Violent Unravell  Hex/Tmut       3%         3d4       100%        5
 Conjure Ball Lightning   Conj/Air       0%         3x3d6     100%        6
 Dispersal                Tloc           6%         N/A       100%        6
 Eringya's Noxious Bog    Tmut/Pois      3%         N/A       100%        6
 Iron Shot                Conj/Erth      0%         9d1       100%        6
 Simulacrum               Ice/Necr       0%         N/A       100%        6
 Starburst                Conj/Fire      0%         6d3       100%        6
 Statue Form              Tmut/Erth      4%         N/A       100%        6
 Dragon Form              Tmut           7%         N/A       100%        7
 Enfeeble                 Hex            0%         N/A       100%        7
 Haunt                    Necr/Summ      0%         N/A       100%        7
 Orb of Destruction       Conj           0%         9d5       100%        7
 Ozocubu's Refrigeration  Ice            0%         4d7       100%        7
 Spellforged Servitor     Conj/Summ      0%         N/A       100%        7
 Borgnjor's Revivificati  Necr           0%         N/A       100%        8
 Discord                  Hex            0%         N/A       100%        8
 Disjunction              Tloc           6%         N/A       100%        8
 Infestation              Necr           0%         N/A       100%        8
 Lehudib's Crystal Spear  Conj/Erth      0%         10d2      100%        8
 Maxwell's Capacitive Co  Air            0%         ∞         100%        8
 Necromutation            Tmut/Necr      3%         N/A       100%        8
 Polar Vortex             Ice            0%         N/A       100%        9


Dungeon Overview and Level Annotations

Branches:
Dungeon (15/15)            Temple (1/1) D:5            Lair (5/5) D:11
 Shoals (4/4) Lair:3       Spider (4/4) Lair:3        Slime (5/5) Lair:4
    Orc (2/2) D:10            Elf (3/3) Orc:2        Vaults (5/5) D:14
  Crypt (3/3) Vaults:3       Tomb (0/3) Crypt:3      Depths (4/4) D:15
    Zot (5/5) Depths:4    Gauntlet (visited)

Altars:
Ashenzari
Cheibriados
Elyvilon
Fedhas
Gozag
Hepliaklqana
Kikubaaqudgha
Makhleb
Nemelex Xobeh
Okawaru
Ru
Sif Muna
Trog
Xom
Zin
The Shining One
Jiyva
Lugonu

Shops:
D:6 *??   D:13 *   Orc:2 ([:[   Lair:1 (   Lair:5 !=   Shoals:1 (   Shoals:2 ?
Vaults:2 *[   Vaults:3 [=   Depths:1 (   Depths:2 *

Portals:
Hell: Depths:1 Depths:2 Depths:3 Depths:4
Abyss: D:5 Depths:1 Depths:3
Pandemonium: Depths:2 Depths:3

Annotations:
D:6 exclusions: electric eel and 3 more exclusions
D:7 exclusion: downstairs
D:15 exclusion: obsidian statue
Lair:2 exclusion: downstairs
Lair:3 1 exclusion
Shoals:2 Roxanne
Shoals:4 1 exclusion
Slime:5 Royal Jelly
Orc:2 exclusion: upstairs
Vaults:3 2 runed translucent doors, exclusion: downstairs, Switch's ghost, veteran DDFi; astronautguy's ghost, master FoEE
Vaults:5 !careful
Crypt:2 exclusion: downstairs
Zot:1 4 transporters, exclusion: downstairs
Zot:3 exclusion: downstairs
Zot:5 ! rhubris


Innate Abilities, Weirdness & Mutations

You have a pair of horns on your head.
You reflexively headbutt those who attack you in melee.
You are agile. (Dex +4, Str/Int -1)
You sometimes lose your temper in combat.
You are frail. (-10% HP)
Armour fits poorly on your pseudopods.
Your translucent skin reduces your foes' accuracy. (Stealth+)


Message History

You barely miss the adder. You headbutt the adder!
You kill the adder!
No target in view!
Things that are here:
a +0 club; a +0 ring mail; an orc corpse You feel a strong urge to attack something.
You feel your anger nearly subside.
You are no longer berserk.
You are exhausted.
You feel yourself slow down.
You hear a distant slurping noise.
There is a stone staircase leading up here.
You start waiting.
You hear a distant slurping noise. x2
A rust devil comes into view.
A rust devil is nearby!
You fly upwards.
There is a stone staircase leading down here.
You feel yourself speed up.
A Brimstone Fiend comes into view.
There is a stone staircase leading up here.
You fly upwards.
There is a stone staircase leading down here.
Okay, then.
You recover from your berserk rage.
Aiming: Dig
Press: ? - help, Shift-Dir - straight line A rock wall.
This square is covered in magical glow.
The rock shatters into small pieces.
An efreet comes into view.
It is wielding a +1 scimitar of flaming.
There is a staircase leading out of the dungeon here.
You slash the efreet!
The efreet's magic leaks into the air.
Your headbutt misses the efreet.
The efreet is moderately wounded.
You carve the efreet like a ham!!!
You kill the efreet!
You feel your strength returning.
No target in view!
There is a staircase leading out of the dungeon here.
You have escaped!

.#>...####### #.#....#.# #...
.#..........# #.#..#.#.#
#####.## .##########.#
#[#..#.#.# #.......
............###.#..#.#.#
#.###.#.
############.##.#..#.#.###.#
#.#.
.)..............#....#.....#
#.#.
##############.#############
#... ##.........## #...
#..♣..@.)♣☼○# ##...
##.........## #.... #####
#####'#.### ######.#..
##...######...######...##.#..
#.......................#.#..
#..⌠........⌠........⌠..#.#..
#.......................#.###
##...######...######...##.#
##'## ##>## ##'###.###


There were no monsters in sight!

Vanquished Creatures
  3 dread liches (Zot:5)
  8 orbs of fire (Zot:5)
  2 ancient liches
  Frederick (Vaults:4)
  5 Killer Klowns
  A curse toe (Zot:5)
  A caustic shrike (Depths:3)
  Nikola (Spider:1)
  Saint Roka (Vaults:3)
  14 golden dragons
  Jory (Crypt:1)
  2 bone dragons
  A hellephant (Abyss:3)
  22 tentacled monstrosities
  A Brimstone Fiend (D:15)
  4 liches
  3 electric golems
  A walking crystal tome (Depths:3)
  2 pandemonium lords
  25 Orb Guardians (Zot:5)
  Zenata (Vaults:4)
  5 deep elf blademasters (Elf:3)
  8 quicksilver dragons
  4 deep elf master archers (Elf:3)
  7 titans
  4 ancient champions
  A kraken (Shoals:4)
  6 tentacled starspawn
  2 Executioners
  Frances (D:14)
  6 death cobs
  Polyphemus (Shoals:2)
  Kirke (Lair:5)
  4 sphinxes
  11 tengu reavers
  18 storm dragons
  Ilsuiw (Shoals:2)
  4 draconian knights
  A nagaraja (Zig:3)
  6 draconian monks
  10 shadow dragons
  4 revenants
  3 iron dragons
  5 orc warlords
  10 frost giants
  3 deep elf sorcerers (Elf:3)
  7 draconian scorchers
  4 fire giants
  4 emperor scorpions
  7 ghost moths
  15 vault wardens
  A cacodemon (Abyss:3)
  Aizul (Vaults:4)
  2 curse skulls
  8 deep elf elementalists
  A spectral caustic shrike (Crypt:3)
  7 ghouls
  5 draconian shifters
  18 ironbound preservers
  4 spriggan defenders
  2 broodmothers
  10 draconian stormcallers
  10 draconian annihilators
  5 war gargoyles
  2 reapers
  5 ironbound thunderhulks
  12 vampire knights
  14 stone giants
  28 very ugly things
  17 green draconians
  4 deep elf demonologists
  8 white draconians
  6 deep elf annihilators
  12 dire elephants
  A lorocyproca (Abyss:1)
  12 purple draconians
  6 entropy weavers
  10 red draconians
  An entropy weaver (shapeshifter) (Vaults:5)
  11 eidola
  9 spark wasps
  10 yellow draconians
  14 black draconians
  8 ettins
  3 crystal guardians
  7 deep elf death magi
  5 spectral quicksilver dragons (Crypt:3)
  6 merfolk javelineers
  6 merfolk impalers
  Josephine (D:11)
  5 fire dragons
  19 yaktaur captains
  4 deep elf high priests
  2 spectral spriggans (Crypt:3)
  16 jiangshi
  27 vault guards
  7 rakshasas
  6 great orbs of eyes
  4 peacekeepers
  10 ice dragons
  An ogre mage (D:15)
  9 boulder beetles
  11 ironbound frosthearts
  5 radroaches
  A hell beast (Depths:3)
  7 spriggan air magi
  7 hydras
  4 catoblepae
  4 two-headed ogres
  6 merfolk avatars
  2 jorogumos (Spider:4)
  2 centaur warriors
  2 anacondas
  4 death knights
  24 dancing weapons
  A naga warrior (Abyss:3)
  17 death yaks
  A merfolk aquamancer (Shoals:2)
  9 tengu warriors
  8 deep troll shamans
  2 hell hogs (Abyss:3)
  An Orb Guardian skeleton (Crypt:3)
  A quicksilver ooze zombie (Crypt:1)
  9 deep troll earth magi
  8 spriggan berserkers
  A spectral storm dragon (Crypt:3)
  9 vampire magi
  A spectral dire elephant (Crypt:3)
  22 hell knights
  An orc high priest (Elf:2)
  A soul eater (Zot:2)
  A shock serpent (shapeshifter) (Depths:3)
  A sun demon (Depths:3)
  2 thrashing horrors (Abyss:2)
  A storm dragon skeleton (Crypt:2)
  15 skeletal warriors
  2 pharaoh ants
  5 wretched stars
  16 deep elf knights
  2 sun moths (Spider:3)
  3 sixfirhies
  11 iron trolls
  A fire crab (shapeshifter) (Depths:3)
  7 shadow wraiths
  A cherub (Zot:1)
  13 flayed ghosts
  6 steelbarb worms
  3 obsidian statues (Zig:3)
  A shadow demon (Abyss:3)
  An orb spider (shapeshifter) (Depths:3)
  An anaconda zombie (Crypt:2)
  2 glowing orange brains (shapeshifter) (Depths:3)
  9 orb spiders
  38 starcursed masses (Abyss:3)
  4 glowing orange brains
  A swamp dragon (Lair:5)
  A spectral hydra (Crypt:3)
  A swamp dragon (shapeshifter) (Vaults:5)
  68 deep trolls
  3 orange crystal statues
  A bog body (Crypt:3)
  13 sea snakes
  10 deep elf archers
  A spriggan simulacrum (Crypt:3)
  10 wizards
  17 phantasmal warriors
  12 orc knights
  28 wolf spiders
  An iron dragon zombie (Crypt:2)
  6 lindwurms
  21 deep elf pyromancers
  31 deep elf zephyrmancers
  16 harpies
  17 ironbound convokers
  10 necromancers
  2 golden dragon skeletons (Depths:3)
  A tengu skeleton (Depths:3)
  An anaconda skeleton (Crypt:2)
  4 oklob plants (Lair:3)
  A faun (shapeshifter) (Depths:3)
  9 cyclopes
  3 worldbinders (Abyss:3)
  2 orc sorcerers
  11 fauns
  A fire giant zombie (Crypt:1)
  60 ugly things
  A glowing shapeshifter (Depths:1)
  21 manticores
  2 sphinx skeletons (Crypt:2)
  A spectral centaur (Crypt:3)
  22 large abominations
  37 moths of wrath
  A manticore (shapeshifter) (Vaults:4)
  12 merfolk sirens
  A toenail golem (D:5)
  A rust devil (Zot:4)
  An eleionoma skeleton (Crypt:2)
  2 guardian serpents
  17 vault sentinels
  10 water nymphs
  4 torpor snails
  A spectral alligator snapping turtle (Crypt:3)
  A stone giant skeleton (Vaults:1)
  8 cane toads
  10 black mambas
  13 elephants
  2 smoke demons
  A storm dragon simulacrum (Crypt:3)
  An orange demon (Abyss:2)
  Maggie (D:7)
  2 gargoyles
  6 rime drakes
  22 freezing wraiths
  4 unseen horrors (Depths:1)
  A rime drake (shapeshifter) (Depths:3)
  A komodo dragon (shapeshifter) (Elf:1)
  5 efreet
  7 komodo dragons
  A bunyip simulacrum (Crypt:2)
  7 demonic crawlers
  A spectral naga (Crypt:3)
  A redback zombie (Crypt:3)
  A yaktaur (shapeshifter) (Vaults:1)
  48 yaktaurs
  2 tengu conjurers
  An ice devil (Depths:3)
  A mana viper zombie (Crypt:1)
  A minotaur skeleton (Crypt:3)
  2 spectral harpies (Crypt:3)
  7 ancient zymes
  A purple draconian skeleton (Crypt:3)
  3 hellwings
  A harpy zombie (Crypt:2)
  An iron troll skeleton (Crypt:1)
  8 trolls
  25 merfolk
  6 meliai
  A polar bear (shapeshifter) (Depths:3)
  A red devil (Depths:3)
  A hydra zombie (Abyss:3)
  A tengu simulacrum (Vaults:1)
  5 wind drakes
  11 polar bears
  9 raiju
  A tarantella (shapeshifter) (Depths:3)
  32 slime creatures
  A fire dragon zombie (Crypt:2)
  10 hornets
  A blink frog (shapeshifter) (Depths:3)
  17 blink frogs
  30 jumping spiders
  An alligator zombie (Crypt:2)
  6 snapping turtles
  4 dream sheep (Lair:5)
  24 tarantellas
  A spectral black mamba (Crypt:3)
  An ettin skeleton (Vaults:1)
  A culicivora (shapeshifter) (Depths:3)
  2 centaur simulacra
  2 shadows
  20 water elementals
  2 air elementals
  18 culicivoras
  6 flying skulls (Crypt:3)
  4 ynoxinuls
  7 spriggans
  2 wyverns
  13 wraiths
  A basilisk (shapeshifter) (Depths:3)
  4 basilisks
  2 fire elementals (Elf:1)
  A yak (shapeshifter) (Depths:3)
  37 yaks
  A dire elephant simulacrum (Crypt:3)
  A golden eye (shapeshifter) (D:13)
  A hog (Lair:5)
  A redback (shapeshifter) (Depths:3)
  66 redbacks
  A steam dragon (Lair:5)
  6 vampire mosquitoes (D:12)
  2 death yak simulacra (Lair:3)
  8 chaos spawn
  7 neqoxecs (Abyss:3)
  12 wargs
  2 human zombies (Vaults:1)
  3 nagas (Abyss:3)
  2 acid dragons (D:12)
  A naga (shapeshifter) (Depths:3)
  An acid dragon (shapeshifter) (Elf:2)
  A floating eye (shapeshifter) (Depths:3)
  A naga zombie (Crypt:2)
  14 small abominations
  11 water moccasins
  14 hell hounds
  A fire bat skeleton (Crypt:3)
  2 swamp drakes (Lair:5)
  A faun skeleton (Crypt:3)
  52 orc warriors
  13 black bears
  An ice beast (D:8)
  23 wolves
  A hog zombie (Crypt:2)
  8 ogres
  17 centaurs
  A phantom (D:4)
  3 kobold brigands
  3 elf zombies (Elf:1)
  6 earth elementals
  15 bullfrogs
  5 necrophages
  A scorpion (D:5)
  A gnoll sergeant (D:8)
  5 killer bees (D:10)
  The ghost of yegreS the Digger, a weakling MeEE (D:5)
  3 howler monkeys
  7 electric eels
  A troll skeleton (Crypt:2)
  A centaur zombie (Crypt:3)
  2 crimson imps (D:5)
  8 hounds
  2 quasits (Abyss:3)
  17 orc priests
  2 iron imps (Abyss:3)
  8 jellies
  2 gnoll boudas
  A black bear skeleton (Crypt:3)
  3 iguanas
  27 orc wizards
  2 polar bear simulacra (Lair:3)
  A wolf simulacrum (Lair:3)
  A mummy (D:7)
  15 gnolls
  8 adders
  A howler monkey skeleton (Crypt:1)
  A shadow imp (Abyss:2)
  2 white imps
  An ufetubus (D:4)
  2 worms
  5 dart slugs
  92 orcs
  4 bats
  21 endoplasms
  5 giant cockroaches
  13 goblins
  16 hobgoblins
  4 jackals (D:2)
  A quokka (D:2)
  3 training dummies (Shoals:1)
  11 ball pythons
  A butterfly zombie (Crypt:3)
  4 frilled lizards
  A hobgoblin zombie (D:7)
  31 kobolds
  A kobold zombie (D:7)
  2 orc zombies (D:7)
  A quokka skeleton (Crypt:3)
  A quokka zombie (Crypt:2)
  5 rats
  A rat zombie (Crypt:1)
  8 starspawn tentacles
  2 tentacles (Shoals:4)
2629 creatures vanquished.

Vanquished Creatures (collateral kills)
  2 curse toes
  A red draconian (Zot:5)
  A tormentor (Zig:4)
4 creatures vanquished.

Vanquished Creatures (others)
  A storm dragon (Vaults:5)
  An azure jelly (Zot:4)
  A deep elf sorcerer (Elf:3)
  A yellow draconian (Zot:3)
  3 red draconians
  An ettin (shapeshifter) (Vaults:5)
  An ettin (Vaults:5)
  A dancing weapon (Elf:2)
  A deep elf knight (Elf:2)
  A glowing orange brain (Abyss:3)
  A glowing orange brain (shapeshifter) (Vaults:5)
  A wizard (Vaults:2)
  A deep elf pyromancer (Elf:2)
  An ironbound convoker (Vaults:5)
  A necromancer (Vaults:5)
  A shining eye (Abyss:3)
  A guardian serpent (shapeshifter) (Vaults:5)
  2 eyes of devastation (Abyss:3)
  An elephant (shapeshifter) (Vaults:5)
  A vault sentinel (Vaults:5)
  A komodo dragon (shapeshifter) (Vaults:5)
  2 yaktaurs (Vaults:5)
  A snapping turtle (shapeshifter) (Elf:3)
  A golden eye (Abyss:3)
  3 humans (Lair:5)
  A necrophage (Crypt:1)
  122 jellies
  A white imp (Abyss:3)
  An endoplasm (D:3)
  A bat skeleton (Crypt:1)
  A bat (D:3)
  36 fungi
  2 lurking horrors (Abyss:3)
  117 plants
  8 starspawn tentacles (Abyss:3)
  9 tentacles
  21 withered plants (Crypt:3)
351 creatures vanquished.

Grand Total: 2984 creatures vanquished

Notes
Turn   | Place    | Note
-------+----------+-------------------------------------------
     0 | D:1      | nightchill the Minotaur Fighter began the quest for the
                  | Orb.
     0 | D:1      | Reached XP level 1. HP: 19/19 MP: 0/0
   121 | D:1      | Found a faded altar of an unknown god.
   345 | D:1      | Reached XP level 2. HP: 27/27 MP: 1/1
   558 | D:1      | Reached skill level 4 in Fighting
  1059 | D:2      | Reached XP level 3. HP: 29/33 MP: 2/2
  1620 | D:2      | Reached XP level 4. HP: 40/41 MP: 3/3
  2050 | D:3      | Found a sparkling altar of Nemelex Xobeh.
  2057 | D:3      | You fall into a shaft and drop 1 floor!
  2104 | D:4      | Noticed a necrophage
  2108 | D:4      | Killed a necrophage
  2109 | D:4      | Reached skill level 5 in Fighting
  2109 | D:4      | Reached skill level 5 in Axes
  2109 | D:4      | Reached XP level 5. HP: 44/48 MP: 4/4
  2343 | D:4      | Noticed a phantom
  2351 | D:4      | Killed a phantom
  2352 | D:4      | Reached XP level 6. HP: 46/57 MP: 5/5
  2922 | D:5      | Entered Level 5 of the Dungeon
  3066 | D:5      | Found a staircase to the Ecumenical Temple.
  3083 | Temple   | Entered the Ecumenical Temple
  3122 | Temple   | Became a worshipper of Gozag Ym Sagoz the Greedy
  3223 | D:5      | Reached skill level 6 in Fighting
  3548 | D:5      | Found a one-way gate to the infinite horrors of the Abyss.
  3548 | D:5      | Noticed yegreS's ghost (weakling MeEE)
  3552 | D:5      | Found a transporter.
  3562 | D:5      | Noticed a toenail golem
  3566 | D:5      | Found a transporter.
  3689 | D:5      | Reached XP level 7. HP: 32/63 MP: 6/6
  4413 | D:6      | Found Cevuth's Magic Scroll Emporium.
  4427 | D:6      | Found Xeihib's General Store.
  4869 | D:6      | Identified the +3 robe of Vuroroph {+Inv Str+2}
  4934 | D:6      | Found Ehoimuis's Book Shop.
  4955 | D:6      | Found Plog's Magic Scroll Shoppe.
  5474 | D:7      | Reached skill level 7 in Fighting
  5819 | D:7      | Reached XP level 8. HP: 72/73 MP: 7/7
  6134 | D:7      | Paralysed by a kobold brigand for 2 turns
  6137 | D:7      | Reached skill level 10 in Axes
  6215 | D:7      | Noticed Maggie
  6233 | D:7      | Reached skill level 8 in Fighting
  6243 | D:7      | Killed Maggie
  6751 | D:7      | Reached XP level 9. HP: 69/82 MP: 8/8
  6856 | D:8      | Reached skill level 9 in Fighting
  8064 | D:8      | Reached skill level 10 in Fighting
  8942 | D:9      | Reached XP level 10. HP: 89/94 MP: 9/9
  9844 | D:10     | Entered Level 10 of the Dungeon
 10064 | D:10     | Noticed a cyclops
 10094 | D:10     | Killed a cyclops
 10095 | D:10     | Reached skill level 11 in Fighting
 10458 | D:10     | Reached skill level 15 in Axes
 10843 | D:10     | Found a staircase to the Orcish Mines.
 11167 | D:10     | Noticed a two-headed ogre
 11184 | D:10     | Killed a two-headed ogre
 11783 | D:11     | Noticed a manticore
 11789 | D:11     | Killed a manticore
 11790 | D:11     | Reached skill level 12 in Fighting
 11858 | D:11     | Noticed a gargoyle
 11870 | D:11     | Killed a gargoyle
 11917 | D:11     | Reached XP level 11. HP: 57/105 MP: 10/10
 12243 | D:11     | Noticed a white ugly thing
 12256 | D:11     | Killed a white ugly thing
 12257 | D:11     | Reached skill level 5 in Shields
 12707 | D:11     | Found a staircase to the Lair.
 13104 | Lair:1   | Entered Level 1 of the Lair of Beasts
 13247 | Lair:1   | Reached skill level 13 in Fighting
 13887 | Lair:1   | Noticed a five-headed hydra
 13906 | Lair:1   | Killed a five-headed hydra
 15010 | Lair:2   | Reached skill level 10 in Shields
 15425 | Lair:2   | Noticed a four-headed hydra
 15433 | Lair:2   | Killed a four-headed hydra
 15859 | Lair:2   | Reached skill level 14 in Fighting
 16057 | Lair:3   | Found a frozen archway.
 16067 | Lair:3   | Reached XP level 12. HP: 47/117 MP: 11/11
 16409 | Lair:3   | Noticed a catoblepas
 16424 | Lair:3   | Killed a catoblepas
 17554 | Lair:3   | Found a hole to the Spider Nest.
 17620 | Lair:3   | Noticed a catoblepas
 17631 | Lair:3   | Killed a catoblepas
 17637 | Lair:3   | Reached skill level 15 in Fighting
 17917 | Lair:3   | Identified the +9 falchion of an ossuary {pain, SInv}
 18721 | Lair:3   | Found a staircase to the Shoals.
 18928 | Orc:1    | Entered Level 1 of the Orcish Mines
 18928 | Orc:1    | Noticed an orc warlord
 18957 | D:10     | Killed an orc warlord
 19280 | Orc:2    | Entered Level 2 of the Orcish Mines
 19312 | Orc:1    | Reached XP level 13. HP: 111/128 MP: 12/12
 19900 | Orc:2    | Reached skill level 15 in Shields
 19917 | Orc:2    | Reached skill level 1 in Polearms
 20004 | Orc:2    | Reached skill level 16 in Fighting
 20516 | Orc:2    | Found a staircase to the Elven Halls.
 20547 | Orc:2    | Noticed an orc warlord
 20700 | Orc:2    | Found Taemm's Armour Emporium.
 20700 | Orc:2    | Found Woihocsef's Book Shop.
 20702 | Orc:2    | Found Vonidil's Armour Boutique.
 20936 | Orc:2    | Reached skill level 5 in Polearms
 21009 | Orc:2    | Found Zanude's Antique Weapon Shoppe.
 21233 | Orc:2    | Killed an orc warlord
 21794 | D:11     | Identified the +1 robe of Xeadgh {rElec Regen+ Str+4}
 21881 | D:11     | Noticed Josephine
 21906 | D:11     | Killed Josephine
 22148 | D:12     | Reached skill level 1 in Dodging
 22658 | D:12     | Reached skill level 5 in Armour
 22770 | Lair:1   | Bought the +8 lance "Wyrmbane" {slay drac, rPois rF+ rC+
                  | AC+3} for 2424 gold pieces
 22770 | Lair:1   | Found the +8 lance "Wyrmbane" {slay drac, rPois rF+ rC+
                  | AC+3}
 23031 | D:12     | Identified the +10 sling "Hell-Harrower" {speed, Dex+2}
 23559 | D:13     | Found Lilousk's General Store.
 23617 | D:13     | Found a gate leading to a gauntlet.
 23729 | Gauntlet | Entered a Gauntlet
 23729 | Gauntlet | Found a transporter.
 23729 | Gauntlet | Found a transporter.
 23739 | Gauntlet | Found a transporter.
 23742 | Gauntlet | Found a transporter.
 23743 | Gauntlet | Found a transporter.
 23756 | Gauntlet | Found a transporter.
 23766 | Gauntlet | Found a transporter.
 23959 | D:14     | Noticed a fire dragon
 23967 | D:14     | Reached XP level 14. HP: 128/138 MP: 13/13
 23989 | D:14     | Found a gate to the Vaults.
 24091 | D:14     | Reached skill level 5 in Dodging
 24161 | D:14     | Reached skill level 17 in Fighting
 24194 | D:14     | Noticed Frances
 24211 | D:14     | Killed Frances
 24423 | D:14     | Found an ancient bone altar of Kikubaaqudgha.
 24824 | D:15     | Entered Level 15 of the Dungeon
 25032 | Orc:2    | Bought the +2 pair of gloves "Oczuot" {rElec rC- rN++
                  | Regen+} for 448 gold pieces
 25425 | D:15     | Identified the +0 cloak of Impermeability {Contam rElec
                  | Int+3 Stlth+}
 25436 | D:15     | Found a blossoming altar of Fedhas.
 25480 | D:15     | Found a snail-covered altar of Cheibriados.
 25630 | D:15     | Found a staircase to the Depths.
 27230 | Spider:1 | Entered Level 1 of the Spider Nest
 27455 | Spider:1 | Noticed an emperor scorpion
 27481 | Spider:1 | Killed an emperor scorpion
 27584 | Spider:1 | Gained mutation: You are frail. (-10% HP) [mutagenic glow]
 27721 | Spider:1 | Reached skill level 10 in Armour
 27822 | Spider:1 | Reached XP level 15. HP: 120/132 MP: 14/14
 28111 | Spider:1 | Noticed Nikola
 28152 | Spider:1 | Killed Nikola
 28572 | Spider:1 | Identified the ring "Cets" {Contam rC++ MP+9 Dex+3 SInv}
 29219 | Spider:2 | Reached skill level 10 in Dodging
 29329 | Spider:2 | Reached skill level 18 in Fighting
 29941 | Spider:3 | Noticed an emperor scorpion
 29970 | Spider:3 | Killed an emperor scorpion
 30183 | Spider:3 | Reached skill level 1 in Evocations
 31513 | Shoals:1 | Entered Level 1 of the Shoals
 31696 | Shoals:1 | Reached XP level 16. HP: 140/143 MP: 15/15
 32472 | Lair:4   | Found a viscous altar of Jiyva.
 32472 | Lair:4   | Found a staircase to the Slime Pits.
 32956 | Lair:5   | Entered Level 5 of the Lair of Beasts
 33451 | Lair:5   | Noticed Kirke
 33474 | Lair:5   | Killed Kirke
 33561 | Lair:5   | Reached skill level 19 in Fighting
 33913 | Lair:5   | Reached skill level 5 in Evocations
 33999 | Lair:5   | Identified 2 scrolls of acquirement
 34000 | Lair:5   | Acquired the +8 mithril axe "Arga" {speed, Will+}
 34000 | Lair:5   | Found the +8 mithril axe "Arga" {speed, Will+}
 34342 | Lair:5   | Got Ociuwn's Vellum of Conduction and the Map
 34970 | Lair:5   | Bought the ring "Kikhlar" {Fly rC+} for 477 gold pieces
 34973 | Lair:5   | Bought a ring of resist corrosion for 280 gold pieces
 34978 | Lair:5   | Acquired 683 gold pieces
 34987 | Lair:5   | Bought a potion of curing for 48 gold pieces
 35330 | D:6      | Bought a scroll of magic mapping for 82 gold pieces
 35330 | D:6      | Bought a scroll of blinking for 82 gold pieces
 35330 | D:6      | Bought a scroll of teleportation for 33 gold pieces
 35379 | D:6      | Bought a scroll of blinking for 90 gold pieces
 35379 | D:6      | Bought a scroll of enchant armour for 90 gold pieces
 36163 | Shoals:1 | Found Jegas's Firing Range.
 36329 | Shoals:1 | Noticed a kraken
 36471 | Shoals:2 | Noticed Ilsuiw
 36502 | Shoals:2 | Killed Ilsuiw
 36588 | Shoals:2 | Reached XP level 17. HP: 151/151 MP: 16/16
 36731 | Shoals:2 | Noticed Polyphemus
 36760 | Shoals:2 | Killed Polyphemus
 36801 | Shoals:2 | Found Ecac's Magic Scroll Emporium.
 36824 | Shoals:2 | Bought 3 scrolls of enchant armour for 360 gold pieces
 36824 | Shoals:2 | Bought a scroll of fear for 64 gold pieces
 36824 | Shoals:2 | Bought a scroll of magic mapping for 120 gold pieces
 36824 | Shoals:2 | Bought a scroll of enchant armour for 120 gold pieces
 36824 | Shoals:2 | Bought a scroll of blinking for 120 gold pieces
 36832 | Shoals:2 | Identified Roxanne's Volume of the Quarry
 36832 | Shoals:2 | Noticed Roxanne
 38637 | Depths:1 | Entered Level 1 of the Depths
 38637 | Depths:1 | Found a gateway to Hell.
 38650 | Depths:1 | Reached skill level 20 in Fighting
 39508 | Depths:1 | Found a bloodstained altar of Trog.
 39508 | Depths:1 | Found Baink's Antique Weapon Emporium.
 39838 | Depths:1 | Reached XP level 18. HP: 162/162 MP: 17/17
 40566 | Shoals:4 | Entered Level 4 of the Shoals
 41441 | Shoals:4 | Got the Meditations on Energetic Metamorphosis
 41785 | Shoals:4 | Got a barnacled rune of Zot
 42104 | Vaults:1 | Entered Level 1 of the Vaults
 42140 | Vaults:1 | Found a portal to a secret trove of treasure.
 42261 | Vaults:1 | Reached skill level 21 in Fighting
 43738 | Vaults:2 | Reached XP level 19. HP: 171/171 MP: 18/18
 43881 | Vaults:2 | Reached skill level 10 in Evocations
 43888 | Vaults:2 | Reached skill level 15 in Armour
 44152 | Vaults:2 | Found Duom's Assorted Antiques.
 44160 | Vaults:2 | Bought a faintly glowing cloak for 218 gold pieces
 44160 | Vaults:2 | Identified the +0 cloak of the Hidden Vale {Harm rF+ Str+3}
                  | (You bought it in a shop on level 2 of the Vaults)
 45201 | Vaults:2 | Bought the +0 mask of the Dragon {Will+ Slay+3 SInv} for
                  | 1235 gold pieces
 45201 | Vaults:2 | Found the +0 mask of the Dragon {Will+ Slay+3 SInv}
 45366 | Vaults:3 | Found Haerhokk's Armour Boutique.
 45730 | Vaults:3 | Reached skill level 22 in Fighting
 45764 | Vaults:3 | Found Okhatso's Jewellery Boutique.
 45790 | Vaults:3 | Identified the +4 flail of Zufeup {spect, +Blink Will-
                  | Int+4 Stlth+}
 45955 | Vaults:3 | Found a large runed translucent door.
 45955 | Vaults:3 | Found a large runed translucent door.
 45955 | Vaults:3 | Noticed Switch's ghost (veteran DDFi)
 45955 | Vaults:3 | Noticed astronautguy's ghost (master FoEE)
 46303 | Vaults:3 | Found a staircase to the Crypt.
 46303 | Vaults:3 | Noticed Saint Roka
 46321 | Vaults:3 | Killed Saint Roka
 46892 | Vaults:4 | Noticed Zenata
 46905 | Vaults:4 | Reached XP level 20. HP: 157/180 MP: 19/19
 47167 | Vaults:4 | Noticed Aizul
 47187 | Vaults:4 | Killed Aizul
 47242 | Vaults:4 | Noticed Frederick
 47273 | Vaults:4 | Killed Frederick
 47985 | Vaults:4 | Reached skill level 15 in Dodging
 48031 | Vaults:4 | Killed Zenata
 48962 | Spider:4 | Entered Level 4 of the Spider Nest
 49124 | Spider:4 | Identified the +2 pair of gloves of Zin's Vengeance {-Tele
                  | +Inv rPois rCorr}
 50607 | Spider:4 | Got a gossamer rune of Zot
 51106 | Depths:2 | Noticed a golden dragon
 51122 | Depths:2 | Reached skill level 23 in Fighting
 51428 | Depths:1 | Killed a golden dragon
 51499 | Depths:2 | Reached XP level 21. HP: 128/189 MP: 20/20
 51633 | Depths:2 | Found a one-way gateway to a ziggurat.
 51821 | Depths:2 | Identified the +9 shortbow of Due Proportion {freeze, Fly
                  | rElec rPois rC-}
 51824 | Depths:2 | Got the Atlas of Unified Dislocation
 51885 | Depths:2 | Identified the +8 trident "Equel" {freeze, rF+ rCorr Str+4
                  | Int+3}
 51993 | Depths:2 | Found a one-way gate leading to the halls of Pandemonium.
 52290 | Vaults:2 | Bought a shiny crystal plate armour for 3071 gold pieces
 52733 | Depths:2 | Found Zuun's Assorted Antiques.
 52983 | Depths:2 | Identified the +8 hand axe "Soruops" {flame, rC+ Dex+3}
 53466 | Depths:3 | Found a shimmering altar of Xom.
 53474 | Depths:3 | Found a shimmering altar of Xom.
 53483 | Depths:3 | Found a shimmering altar of Xom.
 53483 | Depths:3 | Found a shimmering altar of Xom.
 53484 | Depths:3 | Found a shimmering altar of Xom.
 54005 | Depths:3 | Noticed a golden dragon
 54018 | Depths:3 | Killed a golden dragon
 54325 | Depths:3 | Noticed a caustic shrike
 54332 | Depths:3 | Killed a caustic shrike
 54751 | Depths:3 | Found a corrupted altar of Lugonu.
 54805 | Depths:4 | Entered Level 4 of the Depths
 54971 | Depths:4 | Noticed a golden dragon
 54972 | Depths:4 | Reached skill level 24 in Fighting
 55003 | Depths:4 | Killed a golden dragon
 55017 | Depths:4 | Reached XP level 22. HP: 167/199 MP: 1/21
 55590 | Depths:4 | Found a gate to the Realm of Zot.
 55590 | Depths:4 | Noticed a golden dragon
 55591 | Depths:4 | Noticed a golden dragon
 55602 | Depths:4 | Killed a golden dragon
 55605 | Depths:4 | Killed a golden dragon
 56236 | Vaults:3 | Bought the +0 pair of gloves of Yredelemnul's Outrage
                  | {-Cast +Blink Will+++ Str-4} for 559 gold pieces
 56638 | Lair:5   | Bought the amulet "Immodyamif" {RegenMP rElec rPois rF+
                  | Int-2} for 714 gold pieces
 56738 | Lair:4   | Fell from the grace of Gozag
 56738 | Lair:4   | Became a worshipper of Jiyva Joefat the Shapeless
 57094 | Crypt:1  | Entered Level 1 of the Crypt
 57720 | Crypt:1  | Reached * piety under Jiyva
 57824 | Crypt:1  | Noticed Jory
 57854 | Crypt:1  | Killed Jory
 58047 | Crypt:1  | Identified the +1 ring mail of Focus {Rampage Dex+5}
 58651 | Crypt:2  | Reached ** piety under Jiyva
 59296 | Crypt:3  | Entered Level 3 of the Crypt
 59768 | Crypt:3  | Reached *** piety under Jiyva
 59812 | Crypt:3  | Found a staircase to the Tomb.
 59973 | Crypt:3  | Lost mutation: You are frail. (-10% HP) [Jiyva's grace]
 59973 | Crypt:3  | Gained mutation: Your system is resistant to poisons.
                  | (rPois) [Jiyva's grace]
 59973 | Crypt:3  | Gained mutation: Armour fits poorly on your pseudopods.
                  | [Jiyva's grace]
 59973 | Crypt:3  | Gained mutation: Armour fits poorly on your large
                  | pseudopods. [Jiyva's grace]
 59973 | Crypt:3  | Gained mutation: Armour fits poorly on your massive
                  | pseudopods. [Jiyva's grace]
 60321 | Crypt:3  | Reached skill level 25 in Fighting
 60564 | Crypt:3  | Reached XP level 23. HP: 223/229 MP: 22/22
 60847 | Crypt:3  | Reached **** piety under Jiyva
 60928 | Crypt:3  | Reached skill level 15 in Evocations
 61251 | Crypt:3  | Identified the ring of Qazlal's Benevolence {Will+ Str+9
                  | SInv Stlth+}
 61263 | Crypt:3  | Identified the amulet "Sebu" {Spirit rElec rC++ Int-2
                  | Slay+2}
 61265 | Crypt:3  | Identified the +5 halberd of the Changing Shrike {venom,
                  | *Noise *Corrode rN+ Dex+5}
 62075 | Elf:1    | Entered Level 1 of the Elven Halls
 62303 | Elf:1    | Learned a level 1 spell: Apportation
 62311 | Elf:1    | Got Toann's Teachings on Minerals
 62326 | Elf:1    | Got the Encyclopedia of Firn
 62906 | Elf:1    | Lost mutation: Armour fits poorly on your massive
                  | pseudopods. [Jiyva's grace]
 62906 | Elf:1    | Gained mutation: You are agile. (Dex +4, Str/Int -1)
                  | [Jiyva's grace]
 62906 | Elf:1    | Gained mutation: You are very agile. (Dex +8, Str/Int -2)
                  | [Jiyva's grace]
 62906 | Elf:1    | Gained mutation: You expend magic power (3 MP) to
                  | strengthen your wands. [Jiyva's grace]
 62906 | Elf:1    | Gained mutation: Armour fits poorly on your massive
                  | pseudopods. [Jiyva's grace]
 63115 | Elf:2    | Reached skill level 1 in Translocations
 63123 | Elf:2    | Learned a level 2 spell: Wereblood
 63235 | Elf:2    | Identified the +1 ring mail of Fuazisiwn {rC+}
 63253 | Elf:2    | Reached ***** piety under Jiyva
 63285 | Elf:2    | Paralysed by an air elemental for 1 turns
 63442 | Elf:2    | Found a huge runed translucent gate.
 63444 | Elf:2    | Found a huge runed translucent gate.
 63449 | Elf:2    | Found a huge runed translucent gate.
 63450 | Elf:2    | Found a huge runed translucent gate.
 63450 | Elf:2    | Found a huge runed translucent gate.
 63690 | Elf:2    | Acquired 401 gold pieces
 64295 | Elf:3    | Entered Level 3 of the Elven Halls
 64908 | Elf:3    | Found a shimmering blue altar of Sif Muna.
 65120 | Elf:3    | Reached ****** piety under Jiyva
 65186 | Elf:3    | Lost mutation: Armour fits poorly on your massive
                  | pseudopods. [Jiyva's grace]
 65186 | Elf:3    | Lost mutation: You expend magic power (3 MP) to strengthen
                  | your wands. [Jiyva's grace]
 65186 | Elf:3    | Gained mutation: You have a small jelly attached to you
                  | that may absorb projectiles. [Jiyva's grace]
 65186 | Elf:3    | Gained mutation: Your translucent skin slightly reduces
                  | your foes' accuracy. (Stealth+) [Jiyva's grace]
 65186 | Elf:3    | Gained mutation: Your translucent skin reduces your foes'
                  | accuracy. (Stealth+) [Jiyva's grace]
 65186 | Elf:3    | Gained mutation: Your transparent skin significantly
                  | reduces your foes' accuracy. (Stealth+) [Jiyva's grace]
 65257 | Elf:3    | Identified the +6 great sword of an ice cave {vorpal, Str+2
                  | Int+3}
 65257 | Elf:3    | Identified the amulet "Umuunlis" {Reflect Drain rElec rPois
                  | Will+ SH+5}
 65461 | Elf:3    | Identified the +9 halberd of Exquisite Death {chaos, rN+
                  | Dex+2}
 65461 | Elf:3    | Identified the ring "Ehai" {rF+ Int+4 Stlth+}
 65491 | Elf:3    | Found the +2 shield of Resistance {rF++ rC++ Will++}
 65512 | Elf:3    | Found the +2 hood of the Assassin {Detection Stab+ Stlth++}
 65543 | Elf:3    | Identified the ring of Asoamom {rC++ Dex+6}
 65553 | Elf:3    | Identified the ring of Noyra {rC+ Will- rCorr Dex+6}
 66353 | Slime:1  | Entered Level 1 of the Pits of Slime
 66416 | Slime:5  | Entered Level 5 of the Pits of Slime
 66436 | Slime:5  | Found a viscous altar of Jiyva.
 66437 | Slime:5  | Noticed the Royal Jelly
 66437 | Slime:5  | Found the dreamshard necklace {*Dream Drain}
 66443 | Slime:5  | Identified the +2 helmet of Poor Excuses {Rampage MP+9
                  | Int-4 SInv}
 66449 | Slime:5  | Identified the +6 scimitar of Reimmano {vorpal, Stlth+}
 66456 | Slime:5  | Identified the +8 spear of the Flying Shrike {vorpal, rElec
                  | Will++ Int+6}
 66465 | Slime:5  | Identified the ring "Lyhehut" {rC+ Str-5 Int+4 SInv}
 66474 | Slime:5  | Got the Spellbook of Planar Dark Magic
 66484 | Slime:5  | Got a slimy rune of Zot
 67366 | Zot:1    | Entered Level 1 of the Realm of Zot
 67460 | Depths:4 | Reached XP level 24. HP: 222/245 MP: 22/22
 67490 | Zot:1    | Reached skill level 26 in Fighting
 67563 | Zot:1    | Found a transporter.
 67565 | Zot:1    | Found a transporter.
 67573 | Zot:1    | Found a transporter.
 67999 | Zot:1    | Found a transporter.
 68284 | Zot:1    | Was forgiven by Gozag
 68672 | Zot:2    | Reached skill level 5 in Translocations
 68679 | Zot:2    | Lost mutation: Armour fits poorly on your large pseudopods.
                  | [Jiyva's grace]
 68679 | Zot:2    | Lost mutation: Your transparent skin significantly reduces
                  | your foes' accuracy. (Stealth+) [Jiyva's grace]
 68679 | Zot:2    | Lost mutation: You have a small jelly attached to you that
                  | may absorb projectiles. [Jiyva's grace]
 68679 | Zot:2    | Gained mutation: You are covered in slimy tendrils that may
                  | disarm your opponents. [Jiyva's grace]
 68679 | Zot:2    | Gained mutation: You have a small jelly attached to you
                  | that senses nearby items. [Jiyva's grace]
 68679 | Zot:2    | Gained mutation: Your muscles are strong. (Str +4, Int/Dex
                  | -1) [Jiyva's grace]
 68679 | Zot:2    | Gained mutation: Your muscles are very strong. (Str +8,
                  | Int/Dex -2) [Jiyva's grace]
 69499 | Vaults:5 | Entered Level 5 of the Vaults
 70174 | Vaults:5 | Got the Meditations on Glamour and Cold
 70227 | Vaults:5 | Got a silver rune of Zot
 70232 | Vaults:5 | Identified the +0 dire flail of Integrity {vorpal, Str+5}
 70273 | Vaults:5 | Reached XP level 25. HP: 253/254 MP: 22/22
 70412 | Vaults:5 | Got the Papyrus of Lethal Spellbinding
 70713 | Vaults:5 | Noticed an ancient lich
 70722 | Vaults:5 | Killed an ancient lich
 71001 | Vaults:5 | Got Ereshkigal's Grimoire of the Grave
 71153 | Vaults:5 | Identified the +7 shortbow of Fear {freeze, Drain Fly rC++
                  | Int+6}
 71227 | Vaults:5 | Identified the ring "Vuihest" {rCorr AC+4}
 71228 | Vaults:5 | Identified the amulet "Zeum" {Spirit +Blink rC+ Int-2 SInv}
 71574 | D:5      | Killed yegreS's ghost
 71770 | D:13     | Bought a scroll of enchant armour for 112 gold pieces
 71770 | D:13     | Bought a scroll of summoning for 142 gold pieces
 71886 | Vaults:1 | You paid a toll of +3 storm dragon scales to enter a
                  | treasure trove
 71887 | Trove    | Entered a treasure trove
 71943 | Trove    | Identified the amulet of Kuev Tiogule {Spirit Str+5 Int+4
                  | Stlth-}
 71947 | Trove    | Identified the ring of Maifos {Fly rN+ Str+5 Int-4 Stlth+}
 72152 | Depths:1 | Voluntarily entered the Abyss.
 72176 | Abyss:1  | Found a corrupted altar of Lugonu.
 72209 | Depths:1 | Escaped the Abyss
 72211 | Depths:1 | Voluntarily entered the Abyss.
 72211 | Abyss:1  | Lost mutation: Your system is resistant to poisons. (rPois)
                  | [Jiyva's grace]
 72211 | Abyss:1  | Lost mutation: Your translucent skin reduces your foes'
                  | accuracy. (Stealth+) [Jiyva's grace]
 72211 | Abyss:1  | Gained mutation: You have acidic saliva. [Jiyva's grace]
 72211 | Abyss:1  | Gained mutation: You have a pair of large horns on your
                  | head. [Jiyva's grace]
 72211 | Abyss:1  | Gained mutation: You have a small jelly attached to you
                  | that may absorb projectiles. [Jiyva's grace]
 72211 | Abyss:1  | Gained mutation: Your rubbery body absorbs attacks. (AC +1,
                  | EV +1) [Jiyva's grace]
 72211 | Abyss:1  | Found a corrupted altar of Lugonu.
 72216 | Abyss:1  | Found a corrupted altar of Lugonu.
 72236 | Depths:1 | Escaped the Abyss
 72238 | Depths:1 | Voluntarily entered the Abyss.
 72244 | Abyss:2  | Found a corrupted altar of Lugonu.
 72265 | Abyss:2  | Reached skill level 27 in Fighting
 72345 | Abyss:2  | Found a corrupted altar of Lugonu.
 72348 | Abyss:2  | Found a corrupted altar of Lugonu.
 72348 | Abyss:2  | Found a corrupted altar of Lugonu.
 72398 | Depths:1 | Escaped the Abyss
 72400 | Depths:1 | Voluntarily entered the Abyss.
 72450 | Abyss:3  | Lost intelligence.
 72484 | Abyss:3  | Found a viscous altar of Jiyva.
 72502 | Abyss:3  | Gained mutation: Your magical capacity is low. (-10% MP) [a
                  | neqoxec]
 72505 | Abyss:3  | Gained mutation: You have hidden genetic defects. [a
                  | neqoxec]
 72507 | Abyss:3  | Lost mutation: Your rubbery body absorbs attacks. (AC +1,
                  | EV +1) [a neqoxec]
 72560 | Abyss:3  | Gained mutation: You occasionally lose the ability to read
                  | scrolls when taking damage. [a neqoxec]
 72581 | Depths:1 | Escaped the Abyss
 72615 | Depths:1 | Voluntarily entered the Abyss.
 72619 | Abyss:3  | Found a corrupted altar of Lugonu.
 72647 | Abyss:3  | Found a hazy altar of Hepliaklqana.
 72663 | Abyss:3  | Paralysed by accursed screaming for 1 turns
 72681 | Abyss:3  | Lost mutation: You are very agile. (Dex +8, Str/Int -2)
                  | [Jiyva's grace]
 72681 | Abyss:3  | Lost mutation: You are agile. (Dex +4, Str/Int -1) [Jiyva's
                  | grace]
 72681 | Abyss:3  | Lost mutation: Your muscles are very strong. (Str +8,
                  | Int/Dex -2) [Jiyva's grace]
 72681 | Abyss:3  | Lost mutation: Your muscles are strong. (Str +4, Int/Dex
                  | -1) [Jiyva's grace]
 72681 | Abyss:3  | Gained mutation: Your muscles are strong. (Str +4, Int/Dex
                  | -1) [Jiyva's grace]
 72681 | Abyss:3  | Gained mutation: Your muscles are very strong. (Str +8,
                  | Int/Dex -2) [Jiyva's grace]
 72681 | Abyss:3  | Gained mutation: Your mind is acute. (Int +4, Str/Dex -1)
                  | [Jiyva's grace]
 72681 | Abyss:3  | Gained mutation: Your mind is very acute. (Int +8, Str/Dex
                  | -2) [Jiyva's grace]
 73016 | Abyss:3  | Paralysed by accursed screaming for 1 turns
 73038 | Abyss:3  | Gained mutation: You are frail. (-10% HP) [a cacodemon]
 73042 | Abyss:3  | Gained mutation: Potions are less effective at restoring
                  | your health. [a cacodemon]
 73043 | Abyss:3  | Lost mutation: Your mind is very acute. (Int +8, Str/Dex
                  | -2) [a cacodemon]
 73113 | Depths:1 | Escaped the Abyss
 73140 | Depths:1 | Voluntarily entered the Abyss.
 73171 | Abyss:3  | Identified the +6 falchion of Contradiction {vorpal, rF+}
 73266 | Abyss:3  | Gained mutation: Your magical capacity is very low. (-20%
                  | MP) [hidden defects]
 73386 | Abyss:3  | Got an abyssal rune of Zot
 73467 | Depths:1 | Escaped the Abyss
 73736 | Zot:3    | Reached skill level 10 in Translocations
 73922 | Zot:3    | Reached skill level 1 in Transmutations
 74083 | Zot:3    | Lost mutation: Your magical capacity is very low. (-20% MP)
                  | [Jiyva's grace]
 74083 | Zot:3    | Lost mutation: Your magical capacity is low. (-10% MP)
                  | [Jiyva's grace]
 74083 | Zot:3    | Lost mutation: You are covered in slimy tendrils that may
                  | disarm your opponents. [Jiyva's grace]
 74083 | Zot:3    | Lost mutation: You have a small jelly attached to you that
                  | may absorb projectiles. [Jiyva's grace]
 74083 | Zot:3    | Lost mutation: You have hidden genetic defects. [Jiyva's
                  | grace]
 74083 | Zot:3    | Gained mutation: Your rubbery body absorbs attacks. (AC +1,
                  | EV +1) [Jiyva's grace]
 74083 | Zot:3    | Gained mutation: Your pliable body absorbs attacks. (AC +2,
                  | EV +2) [Jiyva's grace]
 74083 | Zot:3    | Gained mutation: Your gelatinous body deflects attacks. (AC
                  | +3, EV +3) [Jiyva's grace]
 74083 | Zot:3    | Gained mutation: Your spells are a little harder to cast,
                  | but a little more powerful. [Jiyva's grace]
 74621 | Zot:3    | Noticed an orb of fire
 74703 | Zot:3    | Lost mutation: Your mind is acute. (Int +4, Str/Dex -1)
                  | [potion of mutation]
 74703 | Zot:3    | Lost mutation: You are frail. (-10% HP) [potion of
                  | mutation]
 74703 | Zot:3    | Lost mutation: Your muscles are very strong. (Str +8,
                  | Int/Dex -2) [potion of mutation]
 74703 | Zot:3    | Gained mutation: You are robust. (+10% HP) [potion of
                  | mutation]
 74704 | Zot:3    | Lost mutation: You have a small jelly attached to you that
                  | senses nearby items. [potion of mutation]
 74704 | Zot:3    | Lost mutation: You have acidic saliva. [potion of mutation]
 74704 | Zot:3    | Gained mutation: You have a somewhat thin skeletal
                  | structure. (Dex +2, Stealth+) [potion of mutation]
 74717 | Zot:3    | Lost mutation: You have a pair of large horns on your head.
                  | [potion of mutation]
 74717 | Zot:3    | Lost mutation: Your gelatinous body deflects attacks. (AC
                  | +3, EV +3) [potion of mutation]
 74717 | Zot:3    | Gained mutation: You have sharp toenails. [potion of
                  | mutation]
 74717 | Zot:3    | Lost mutation: You have sharp toenails. [potion of
                  | mutation]
 74724 | Zot:3    | Lost mutation: You occasionally lose the ability to read
                  | scrolls when taking damage. [potion of mutation]
 74724 | Zot:3    | Lost mutation: You are robust. (+10% HP) [potion of
                  | mutation]
 74724 | Zot:3    | Gained mutation: Your muscles are very strong. (Str +8,
                  | Int/Dex -2) [potion of mutation]
 74724 | Zot:3    | Gained mutation: You are partially covered in iridescent
                  | scales. (AC +2) [potion of mutation]
 75132 | Zot:4    | Found the +4 dragonskin cloak
 75132 | Zot:4    | Noticed Tiamat
 75145 | Zot:4    | Slimified Tiamat
 75145 | Zot:4    | Noticed Tiamat
 75145 | Zot:4    | Tiamat changed into Tiamat the azure jelly
 75160 | Zot:4    | Killed Tiamat the azure jelly
 75202 | Zot:4    | Reached XP level 26. HP: 265/266 MP: 22/22
 75246 | Zot:4    | Reached skill level 5 in Transmutations
 75608 | Zot:5    | Entered Level 5 of the Realm of Zot
 75775 | Zot:5    | Lost mutation: You are partially covered in iridescent
                  | scales. (AC +2) [Jiyva's grace]
 75775 | Zot:5    | Lost mutation: Your spells are a little harder to cast, but
                  | a little more powerful. [Jiyva's grace]
 75775 | Zot:5    | Lost mutation: Your pliable body absorbs attacks. (AC +2,
                  | EV +2) [Jiyva's grace]
 75775 | Zot:5    | Gained mutation: Your translucent skin reduces your foes'
                  | accuracy. (Stealth+) [Jiyva's grace]
 75775 | Zot:5    | Gained mutation: Your transparent skin significantly
                  | reduces your foes' accuracy. (Stealth+) [Jiyva's grace]
 75775 | Zot:5    | Gained mutation: You have acidic saliva. [Jiyva's grace]
 75775 | Zot:5    | Gained mutation: You are agile. (Dex +4, Str/Int -1)
                  | [Jiyva's grace]
 76229 | Zot:5    | Noticed an ancient lich
 76232 | Zot:5    | Noticed an orb of fire
 76248 | Zot:5    | Gained mutation: You do not regenerate when monsters are
                  | visible. [an orb of fire]
 76251 | Zot:5    | Killed an orb of fire
 76263 | Zot:5    | Killed an ancient lich
 76302 | Zot:4    | Lost mutation: Your rubbery body absorbs attacks. (AC +1,
                  | EV +1) [potion of mutation]
 76302 | Zot:4    | Lost mutation: You do not regenerate when monsters are
                  | visible. [potion of mutation]
 76302 | Zot:4    | Gained mutation: Your system is resistant to poisons.
                  | (rPois) [potion of mutation]
 76302 | Zot:4    | Gained mutation: Armour fits poorly on your strangely
                  | shaped body. [potion of mutation]
 76302 | Zot:4    | Gained mutation: You have hidden genetic potential. [potion
                  | of mutation]
 76321 | Zot:5    | Noticed a dread lich
 76334 | Zot:5    | Killed a dread lich
 76334 | Zot:5    | Noticed an orb of fire
 76338 | Zot:5    | Gained mutation: You sometimes lose your temper in combat.
                  | [an orb of fire]
 76339 | Zot:5    | Gained mutation: You are frail. (-10% HP) [an orb of fire]
 76349 | Zot:5    | Lost mutation: You have hidden genetic potential. [an orb
                  | of fire]
 76352 | Zot:5    | Killed an orb of fire
 76418 | Zot:5    | Noticed an orb of fire
 76430 | Zot:5    | Killed an orb of fire
 76433 | Zot:5    | Noticed an orb of fire
 76447 | Zot:5    | Killed an orb of fire
 76820 | Zot:5    | Noticed a dread lich
 76979 | Zot:5    | Killed a dread lich
 77016 | Zot:5    | Noticed an orb of fire
 77021 | Zot:5    | Noticed an orb of fire
 77037 | Zot:5    | Gained mutation: You are very frail. (-20% HP) [an orb of
                  | fire]
 77040 | Zot:5    | Killed an orb of fire
 77047 | Zot:5    | Killed an orb of fire
 77048 | Zot:5    | Reached skill level 10 in Transmutations
 77355 | Zot:5    | Reached XP level 27. HP: 218/218 MP: 22/22
 77419 | Zot:5    | Noticed an orb of fire
 77431 | Zot:5    | Killed an orb of fire
 77432 | Zot:5    | Noticed an orb of fire
 77557 | Zot:5    | Gained mutation: You occasionally shout uncontrollably at
                  | your foes. [an orb of fire]
 77563 | Zot:5    | Gained mutation: You are extremely frail. (-30% HP) [an orb
                  | of fire]
 77566 | Zot:5    | Killed an orb of fire
 77590 | Zot:5    | Noticed a dread lich
 77603 | Zot:5    | Killed a dread lich
 78013 | Depths:2 | Lost mutation: Potions are less effective at restoring your
                  | health. [potion of mutation]
 78013 | Depths:2 | Lost mutation: You occasionally shout uncontrollably at
                  | your foes. [potion of mutation]
 78013 | Depths:2 | Lost mutation: Armour fits poorly on your strangely shaped
                  | body. [potion of mutation]
 78013 | Depths:2 | Lost mutation: You are extremely frail. (-30% HP) [potion
                  | of mutation]
 78014 | Depths:2 | Lost mutation: You are very frail. (-20% HP) [potion of
                  | mutation]
 78014 | Depths:2 | Lost mutation: Your muscles are very strong. (Str +8,
                  | Int/Dex -2) [potion of mutation]
 78014 | Depths:2 | Lost mutation: Your transparent skin significantly reduces
                  | your foes' accuracy. (Stealth+) [potion of mutation]
 78014 | Depths:2 | Lost mutation: You have a somewhat thin skeletal structure.
                  | (Dex +2, Stealth+) [potion of mutation]
 78036 | Zig:1    | Entered Level 1 of a ziggurat
 78083 | Zig:2    | Entered Level 2 of a ziggurat
 78120 | Zig:3    | Entered Level 3 of a ziggurat
 78172 | Zig:3    | Lost mutation: Your system is resistant to poisons. (rPois)
                  | [potion of mutation]
 78172 | Zig:3    | Lost mutation: Your muscles are strong. (Str +4, Int/Dex
                  | -1) [potion of mutation]
 78172 | Zig:3    | Lost mutation: You have acidic saliva. [potion of mutation]
 78174 | Zig:4    | Entered Level 4 of a ziggurat
 78190 | Zig:4    | Identified the +5 arbalest of the New World {venom, Int+4}
 78495 | Zot:5    | Got the Orb of Zot
 78522 | Zot:5    | Noticed Baseimn the pandemonium lord
 78530 | Zot:5    | Killed Baseimn the pandemonium lord
 78539 | Zot:4    | Noticed Tihafouf the pandemonium lord
 78552 | Zot:4    | Killed Tihafouf the pandemonium lord
 79049 | D:7      | Noticed a seraph
 79074 | D:6      | Noticed Moledom the pandemonium lord
 79190 | D:$      | Escaped with the Orb!

Illustrated notes

Levels and vault maps discovered:
D:1:      minmay_arrival_split_and_join, layout_basic, basic_ecumenical_altar
D:2:      minmay_inner_zag, layout_loops_ring, minmay_tetromino_i2
D:3:      minmay_chambers_of_twos, layout_basic,
          nemelex_xobeh_ov_fountains_minmay,
          mainiacjoe_overflow_concentric_impassable,
          wander_ebering_terrifying_dragon_lair, uniq_natasha
D:4:      layout_rooms, hangedman_glass_teeth
D:5:      layout_basic, minmay_temple_entry_ruins,
          gammafunk_ghost_abyssal_escape
D:6:      corexii_shantytown, layout_basic, serial_shops, shop, shop_fountains,
          nicolae_shop_waterfront, nicolae_shop_waterfront,
          kennysheep_little_box
D:7:      layout_basic, minmay_mini_ossuary, uniq_maggie
D:8:      layout_basic, enter_bailey_4, nicolae_elevator_lobby_asterisk
D:9:      layout_loops_corners
D:10:     layout_layer_cave, orc_0_dummy, nicolae_sextant
D:11:     layout_gridville, erik_lair_island, uniq_josephine
D:12:     layout_gridville, minmay_bent
D:13:     layout_roguey, gauntlet_entry_generic, serial_shops, shop
D:14:     layout_rooms, david_vaults_4, old_standard_altar, uniq_frances
D:15:     hangedman_depths_entry_try_elsewhere_first, layout_layer_cave,
          fedhas_altar_1, minivault_15, kennysheep_slug_shrine
Temple:   nicolae_temple_bog_church
Lair:1:   layout_chaotic_city, minivault_25, cheibrodos_lair_caveside_slide,
          nicolae_quartered_pool_super, infiniplex_staircase_pool,
          lemuel_fruit_fields
Lair:2:   layout_small_grid, forest_entry_grove, infiniplex_staircase_pool_2
Lair:3:   dpeg_oklob_gauntlet, layout_layer_cave, elwin_shoals_entry_rocks,
          spider_nest_entry_webs, portal_ice_cave_entry_ice_simulacra,
          enter_volcano_1, hangedman_lair_unloving_vines
Lair:4:   lemuel_slime, layout_gridlike, dpeg_slime_entry_enclosed,
          beast_lair_carwin_11
Lair:5:   guppyfry_lair_end_dragon, layout_layer_cave,
          hangedman_lair_caniforms_friends, grunt_megastairs_2,
          serial_bayou_shore_b, uniq_kirke
Shoals:1: layout_shoals, nicolae_shop_firing_range
Shoals:2: layout_shoals, serial_shops, nicolae_shop_behind_doors,
          nicolae_shoals_hidden_pirate_stash, uniq_polyphemus, uniq_ilsuiw,
          uniq_roxanne
Shoals:3: layout_shoals
Shoals:4: shoals_end_hangedman, layout_shoals
Spider:1: layout_cave_pods, nicolae_spider_nooks_and_crannies, uniq_nikola
Spider:2: layout_spider_delve, nicolae_spider_wall_of_niches
Spider:3: layout_chambers, hangedman_spider_tarantella_strand
Spider:4: spider_rune_water, spiders_nest_the_unseen
Slime:1:  layout_caves
Slime:2:  layout_caves
Slime:3:  cheibrodos_slime_lost_civilization_1, layout_caves,
          cheibrodos_slime_lost_civilization_5
Slime:4:  layout_caves
Slime:5
Orc:1:    layout_diamond_mine
Orc:2:    st_orc_rangers, layout_diamond_mine, nicolae_orc_lava_room
Elf:1:    eino_elf_arrival_customs, layout_geoelf_diagonals,
          minmay_elf_necromancy, minivault_16, nicolae_elf_elemental_lessons
Elf:2:    elven_hall_of_blades_hangedman_alternative
          [nicolae_vaults_blade_armed_guards], layout_loops_corners
Elf:3:    minmay_elf_hall_statues, layout_gridlike, serial_co_window_serial,
          co_window_paths_a, co_window_paths_a, co_window_paths_a,
          co_window_paths_a, co_window_corner_a, co_window_of_opportunity_c,
          co_window_of_opportunity_b, co_window_corner_cb, co_window_2corner,
          co_window_unsneaky_path_e, co_window_corner_b, co_window_broadway_b,
          co_window_paths_d, glass_columns_a, glass_columns_b, glass_columns_a,
          basic_altar, nicolae_elf_martial_mastery
Vaults:1: ontoclasm_vaults_ring_large, v_alt_pattern_4,
          hangedman_vaults_restitches, vaults_dpeg_cross,
          nicolae_vaults_little_squares_1, nicolae_vaults_back_hallway,
          hangedman_vaults_stagger, nicolae_vaults_octagons,
          dpeg_vaults_monster_box, nicolae_vaults_alarming,
          ontoclasm_vaults_ring_large, v_misc_30, v_misc_12,
          layout_vaults_maze_bifur, enter_trove_3
Vaults:2: v_pattern_5, v_misc_2, v_rooms_1, ontoclasm_vaults_pinch,
          hangedman_vaults_variations, nicolae_vaults_little_ls,
          grunt_vaults_hallway_long, layout_vaults_omnigrid, serial_shops,
          nicolae_diamond_shop
Vaults:3: advil_vaults_ghost_guards, hangedman_vaults_restitches,
          grunt_vaults_twisty, minmay_crypt_entry_simple_round,
          hangedman_vaults_corner_blocks, hangedman_vaults_nails,
          nicolae_vaults_little_squares_3, vaults_standard_mumra_x,
          layout_vaults_chaotic_city, serial_shops, shop,
          nicolae_shop_waterfront, uniq_saint_roka
Vaults:4: vaults_room_pool, nicolae_vaults_quartermaster, vaults_room_door_hall,
          v_misc_29, nicolae_vaults_three_branches,
          nicolae_vaults_little_squares_1, hangedman_vaults_nodes, v_misc_33,
          v_pattern_3, v_misc_24, vaults_dpeg_ring, layout_vaults_omnicross,
          uniq_zenata, uniq_aizul, uniq_frederick
Vaults:5
Crypt:1:  layout_basic, uniq_jory
Crypt:2:  layout_gridlike, serial_co_window_serial, co_window_paths_b,
          co_window_cross_1, co_window_corner_a, co_window_of_opportunity_a,
          co_window_paths_a, co_window_unsneaky_path_e, co_window_broadway_a,
          co_window_of_opportunity_b, co_window_broadway_a, co_window_2corner,
          co_window_cross_2, co_window_2corner, glass_columns_b,
          glass_columns_a, glass_columns_b, glass_columns_a
Crypt:3:  due_elkab, layout_chaotic_city, tomb_entry_forgotten_bobbens,
          serial_co_window_serial, co_window_corner_a, co_window_paths_a,
          co_window_paths_b, co_window_paths_a, co_window_paths_b,
          co_window_broadway_b, co_window_corner_b, co_window_unsneaky_path_b,
          co_window_paths_c, co_window_paths_e, glass_columns_a, glass_columns_a
Depths:1: layout_cave_shapes, hell_entry, serial_shops,
          nicolae_shop_overgrown_old_shop, minmay_room_of_horrors,
          serial_sigils, serial_sigils_hangedman_writhe,
          serial_sigils_hangedman_scar, serial_sigils_hangedman_leer,
          serial_sigils_hangedman_snap, minmay_tree_intersection,
          minmay_misc_feat_ornament, statue_in_the_mist_lemuel, bloody_trog
Depths:2: minmay_the_grid_square_5x5_3x3
          [minmay_the_grid_square_5x5_spiral_small,
          minmay_the_grid_square_5x5_checkered_sparse,
          minmay_the_grid_square_5x5_two, minmay_the_grid_square_5x5_minimal,
          minmay_the_grid_square_5x5_megaprize_open,
          minmay_the_grid_square_5x5_comb, minmay_the_grid_square_5x5_bridge,
          minmay_the_grid_square_5x5_two_walls_a,
          minmay_the_grid_square_5x5_plus], layout_cave_shapes,
          enter_ziggurat_a, grunt_hell_entry_dis_old, minmay_misc_feat_plants,
          serial_shops, nicolae_diamond_shop, pan_entry
Depths:3: vault_1, layout_small_grid, xom_redecorated, rand_demon_pan_entry_7,
          hell_entry, abyss_entry_flame_altar, serial_bayou_pond_e,
          chequers_serial_rivers_micro_b, minmay_staircase_windowed_small
Depths:4: grunt_zot_entry_tricorne, layout_basic, grunt_metal_band,
          reono_crystal_passage
Zot:1:    layout_misc_corridors, hangedman_zot_wheel_spokes,
          nicolae_transporter_circle
Zot:2:    nicolae_zot_stationary_front, layout_misc_corridors, uniq_josephina
Zot:3:    layout_concentric_octagons, nrook_zot_tub
Zot:4:    layout_onion_interference, grunt_megastairs_3, uniq_tiamat
Zot:5:    layout_twisted_circle

Skill      XL: |  1  2  3  4  5  6  7  8  9 10 11 12 13 14 15 16 17 18 19 20 21 22 23 24 25 26 27 |
---------------+----------------------------------------------------------------------------------+-----
Axes           | 3 4 5 6 7 9 11 14 16 | 16.0
Fighting       | 4 5 6 7 8 10 12 14 15 16 17 18 19 20 21 22 23 24 25 26 27 | 27.0
Shields        | 4 10 14 15 16 17 19 21 22 | 22.0
Polearms       | 6 |  6.0
Dodging        | 4 8 11 12 13 14 15 17 18 19 20 | 20.0
Armour         | 6 10 12 14 17 19 20 22 23 24 25 26 | 26.9
Evocations     | 2 6 8 9 11 12 13 14 15 16 18 20 | 20.8
Translocations | 3 7 10 | 10.0
Transmutations | 4 10 12 | 12.0

Action                   |  1- 3 |  4- 6 |  7- 9 | 10-12 | 13-15 | 16-18 | 19-21 | 22-24 | 25-27 || total
-------------------------+-------+-------+-------+-------+-------+-------+-------+-------+-------++-------
Melee: War axe           |    80 |    98 |   333 |   507 |   339 |       |       |       |       ||  1357
       Headbutt          |    11 |     6 |    69 |   106 |   369 |   438 |   549 |   625 |   468 ||  2641
       Morningstar       |       |       |       |     9 |    11 |       |       |       |       ||    20
       Lance             |       |       |       |       |  1227 |   579 |   274 |   432 |   411 ||  2923
       Broad axe         |       |       |       |       |       |  1254 |  1536 |  1523 |  1032 ||  5345
       Pseudopods        |       |       |       |       |       |       |       |   352 |   421 ||   773
       Bite              |       |       |       |       |       |       |       |       |   168 ||   168
 Fire: Sling             |       |       |       |       |    93 |       |       |       |       ||    93
Throw: Throwing net      |       |       |       |       |     5 |       |       |       |       ||     5
 Cast: Apportation       |       |       |       |       |       |       |       |       |     2 ||     2
       Wereblood         |       |       |       |       |       |       |       |       |     2 ||     2
Invok: Call Merchant     |       |       |       |     1 |       |     2 |     1 |       |       ||     4
       Potion Petition   |       |       |       |       |     5 |     2 |     1 |       |       ||     8
       Slimify           |       |       |       |       |       |       |       |       |     3 ||     3
 Abil: Evoke Blink       |       |       |       |       |       |       |       |     1 |       ||     1
Evoke: Wand              |       |       |       |     7 |     3 |     5 |       |       |     1 ||    16
       Tin of tremorston |       |       |       |       |       |       |     3 |       |       ||     3
  Use: Scroll            |       |       |    12 |     5 |    11 |    22 |     9 |    13 |    13 ||    85
       Potion            |       |       |       |     4 |    14 |     4 |     1 |     6 |    12 ||    41
 Stab: Distracted        |       |       |     3 |     3 |     5 |     9 |    13 |     1 |     2 ||    36
       Paralysed         |       |       |       |     4 |       |       |       |       |       ||     4
       Invisible         |       |       |       |     1 |       |     2 |       |       |       ||     3
       Petrified         |       |       |       |     3 |       |       |       |       |       ||     3
       Held in net/web   |       |       |       |       |     2 |       |       |       |       ||     2
Armor: Scale mail        |    33 |    49 |    56 |       |       |       |       |       |       ||   138
       Chain mail        |       |       |    27 |       |       |       |       |       |       ||    27
       Swamp dragon scal |       |       |    78 |   196 |   362 |   221 |   133 |       |       ||   990
       Crystal plate arm |       |       |       |       |       |       |   121 |   393 |   151 ||   665
       Gold dragon scale |       |       |       |       |       |       |       |       |    96 ||    96
Dodge: Dodged            |    36 |    57 |   123 |   166 |   381 |   322 |   308 |   400 |   349 ||  2142
       Repelled          |       |       |       |       |     3 |     6 |       |       |       ||     9
Block: Buckler           |    21 |    20 |    52 |       |       |       |       |       |       ||    93
       Kite shield       |       |       |    23 |   232 |    56 |       |       |       |       ||   311
       Tower shield      |       |       |       |       |  1011 |  1333 |  1484 |  1921 |  1156 ||  6905
